 Dungeon Crawl Stone Soup version 0.24-a0-619-gb7544fd237 (webtiles) character file.

Game seed: 13164593957189676640, levelgen mode: deterministic

129031 Peloso the Fencer (level 16, -5/134 HPs)
             Began as a Minotaur Fighter on Sept 18, 2019.
             Was the Champion of Okawaru.
             Drowned by a water nymph (8 damage)
             ... on level 2 of the Shoals.
             The game lasted 01:20:30 (27808 turns).

Peloso the Fencer (Minotaur Fighter)               Turns: 27808, Time: 01:20:36

Health: -5/134     AC: 23    Str: 28    XL:     16   Next: 49%
Magic:  16/16      EV: 17    Int:  5    God:    Okawaru [******]
Gold:   2774       SH: 16    Dex: 14    Spells: 15/15 levels left

rFire    x . .     SeeInvis .   a - +5 double sword (freeze)
rCold    + + +     Gourm    .   c - +0 shield
rNeg     + + .     Faith    .   k - +6 chain mail of Sovereignty {*Corrode rPois rC+++ MR+}
rPois    +         Spirit   .   X - +2 hat
rElec    .         Reflect  .   I - scarf {cloud immunity}
rCorr    +         Harm     .   (no gloves)
MR       ++...                  L - +0 pair of boots "Xesybato" {rF- rN++ Regen+ rCorr}
Stlth    ..........             (no amulet)
HPRegen  0.72/turn              W - ring of poison resistance
MPRegen  0.15/turn              M - ring "Trusted Companion" {EV+4 Str+4}

@: about to teleport, mesmerised
A: retaliatory headbutt, horns 2, frail 1
a: Heroism, Finesse, Renounce Religion


You were on level 2 of the Shoals.
You worshipped Okawaru.
Okawaru was exalted by your worship.
You were very hungry.

You visited 5 branches of the dungeon, and saw 26 of its levels.
You also visited: Sewer, Bailey, Ice Cave and Volcano.

You collected 3357 gold pieces.
You spent 583 gold pieces at shops.

Inventory:

Hand Weapons
 a - a +5 double sword of freezing (weapon)
 b - the +7 falchion of Pyromania {elec, rC++ MR++ Dex-5}
   (Okawaru gifted it to you on level 1 of the Shoals)

   Occasionally, upon striking a foe, it will discharge some electrical energy
   and cause terrible harm.
   It affects your dexterity (-5).
   It greatly protects you from cold.
   It affects your resistance to hostile enchantments.
 F - a +2 scimitar of flaming
Armour
 c - a +0 shield (worn)
 e - a scarf of resistance
 k - the +6 chain mail of Sovereignty (worn) {*Corrode rPois rC+++ MR+}
   (Okawaru gifted it to you on level 6 of the Lair of Beasts)

   It renders you almost immune to cold.
   It protects you from poison.
   It affects your resistance to hostile enchantments.
   It may corrode you when you take damage.
 r - a +1 plate armour of fire resistance
 I - a scarf of cloud immunity (worn)
 L - the +0 pair of boots "Xesybato" (worn) {rF- rN++ Regen+ rCorr}
   (Okawaru gifted it to you in an ice cave)

   It makes you vulnerable to fire.
   It greatly protects you from negative energy.
   It increases your rate of regeneration.
   It provides partial protection from all sources of acid and corrosion.
 R - a +2 pair of boots of flying
 X - a +2 hat (worn)
Jewellery
 w - an uncursed amulet of faith {unknown}
 x - an uncursed ring of protection from magic
 E - an uncursed ring of protection from cold
 G - an uncursed ring of flight
 M - the ring "Trusted Companion" (right hand) {EV+4 Str+4}
   (You found it in an ice cave)

   [ring of evasion]

   It affects your evasion (+4).
   It affects your strength (+4).
 W - a ring of poison resistance (left hand)
Wands
 h - a wand of disintegration (13)
 q - a wand of enslavement (6)
 T - a wand of digging (4)
Scrolls
 i - a scroll of acquirement {unknown}
 j - 13 scrolls of teleportation
 l - 8 scrolls of remove curse
 m - 5 scrolls of identify
 o - a scroll of fog
 p - 5 scrolls of blinking
 s - a scroll of torment {unknown}
 u - a scroll of enchant armour
 y - 2 scrolls of amnesia
 C - 4 scrolls of noise
 H - a scroll of summoning {unknown}
 Y - 2 scrolls of fear
Potions
 d - 7 potions of might
 g - a potion of heal wounds
 n - 11 potions of curing
 t - 4 potions of brilliance
 v - 4 potions of berserk rage
 A - 2 potions of resistance
 B - a potion of mutation
 D - a potion of haste
 S - 2 potions of agility
Comestibles
 f - 37 rations


   Skills:
 + Level 15.4 Fighting
 + Level 18.8 Long Blades
 + Level 15.0 Armour
 + Level 6.3 Dodging
 + Level 2.8 Stealth
 + Level 18.2 Shields
 + Level 2.3 Invocations


You had 15 spell levels left.
You didn't know any spells.
Your spell library contained the following spells:

 Spells                   Type           Power        Failure   Level  Hunger
 Freeze                   Ice            #...         88%         1    ##.....
 Poisonous Vapours        Pois/Air       #.....       95%         2    ###....
 Throw Frost              Conj/Ice       #.....       95%         2    ###....
 Conjure Flame            Conj/Fire      #.......     99%         3    ####...
 Mephitic Cloud           Conj/Pois/Air  #.......     99%         3    ####...
 Ozocubu's Armour         Chrm/Ice       #.......     99%         3    ####...
 Summon Ice Beast         Ice/Summ       #.......     100%        4    #####..
 Throw Icicle             Conj/Ice       #.......     100%        4    #####..
 Bolt of Magma            Conj/Fire/Erth #.........   100%        5    ######.
 Iskenderun's Battlesphe  Conj/Chrm      #.......     100%        5    ######.
 Venom Bolt               Conj/Pois      #.........   100%        5    ######.
 Freezing Cloud           Conj/Ice/Air   #.........   100%        6    #######
 Iron Shot                Conj/Erth      #.........   100%        6    #######
 Orb of Destruction       Conj           #.........   100%        7    #######
 Ring of Flames           Chrm/Fire      #.........   100%        7    #######
 Spellforged Servitor     Conj/Summ      #.........   100%        7    #######


Dungeon Overview and Level Annotations

Branches:
Dungeon (15/15)            Temple (1/1) D:6            Lair (6/6) D:11
 Shoals (2/4) Lair:3       Spider (0/4) Lair:2        Slime (0/5) Lair:6
    Orc (2/2) D:10            Elf (0/3) Orc:2        Vaults (0/5) D:13
 Depths (0/5) D:15          Sewer (visited)          Bailey (visited)
  IceCv (visited)         Volcano (visited)

Altars:
Ashenzari
Cheibriados
Elyvilon
Fedhas
Gozag
Makhleb
Okawaru
Qazlal
Ru
Sif Muna
Wu Jian
Xom
Yredelemnul
Zin
The Shining One
Beogh
Jiyva

Shops:
D:4 }   D:5 :   D:6 *}%![   D:14 }   Orc:2 =}:[


Innate Abilities, Weirdness & Mutations

You reflexively headbutt those who attack you in melee.
You have a pair of horns on your head.
You are frail. (-10% HP)


Message History

The water nymph misses you. You furiously retaliate!
You headbutt the water nymph.
The snapping turtle bites you from afar!
* * * LOW HITPOINT WARNING * * *
The merfolk hits you but does no damage.
The merfolk hits you with a +0 trident.
* * * LOW HITPOINT WARNING * * *
You block the merfolk impaler's attack. The merfolk misses you.
The merfolk hits you but does no damage.
The merfolk siren chants its luring song.
The merfolk javelineer hits you from afar with a +2 spear of freezing.
* * * LOW HITPOINT WARNING * * *
A merfolk comes into view. It is wielding a +0 trident.
You feel much better.
The snapping turtle bites you from afar!
* * * LOW HITPOINT WARNING * * *
The water nymph touches you.
* * * LOW HITPOINT WARNING * * *
The water nymph drowns you!
You die...

...≈.###.≈≈≈≈≈≈≈≈≈
........≈≈≈≈≈≈≈≈..
...≈...≈≈≈≈≈.... ≈
#..≈≈≈≈≈≈≈...# ≈≈
#.≈≈≈≈≈≈≈≈≈# ..≈
##.≈≈≈tm≈≈≈≈###...≈
#.≈≈≈mmmm≈≈≈..≈≈≈≈≈
##.≈≈≈t≈mm≈≈≈P.≈≈.≈≈
#...≈..t≈@mm≈<≈≈≈.≈≈≈
#....##..##m≈≈≈≈≈PP≈≈
##.# ######.≈≈≈≈≈≈≈≈
# #.P≈≈≈≈≈≈≈
PP≈m≈≈≈≈≈≈
.PP≈m≈≈≈≈≈≈
.P≈≈≈≈≈≈≈≈≈
P≈≈≈≈≈≈≈≈≈≈≈


You could see a merfolk impaler, a merfolk javelineer, 3 snapping turtles, 7
merfolk, a merfolk siren and a water nymph.

Vanquished Creatures
  Rupert (Lair:3)
  The ghost of Muhiets the Covert, a journeyman OpEE of Nemelex Xobeh (D:13)
  An orc warlord (Orc:1)
  6 dire elephants (Lair:6)
  An ettin (Orc:1)
  5 hydras
  2 vault guards (D:13)
  2 ice dragons (IceCv)
  7 centaur warriors
  2 catoblepae
  6 two-headed ogres
  An anaconda (Lair:6)
  2 death knights
  9 death yaks
  A tengu warrior (D:14)
  Urug (D:13)
  Nergalle (D:11)
  A fire crab (Lair:6)
  6 unseen horrors
  A sea snake (Shoals:1)
  Pikel (D:7)
  A glowing orange brain (D:15)
  2 necromancers (D:13)
  2 orc knights (Orc:2)
  15 harpies
  13 ugly things
  A deep elf mage (D:14)
  5 manticores
  3 centaur zombies
  3 oklob plants (Lair:6)
  9 elephants
  2 cyclopes (D:14)
  Maurice (Orc:1)
  An elephant (shapeshifter) (D:15)
  A merfolk siren (Shoals:1)
  2 centaur skeletons
  2 ice statues (IceCv)
  2 black mambas
  A torpor snail (Lair:6)
  11 spiny frogs
  A gargoyle (D:10)
  An efreet (Volcano)
  3 freezing wraiths
  3 rime drakes
  7 komodo dragons
  A yaktaur (D:13)
  3 tengu conjurers
  8 trolls
  9 merfolk
  4 hornets
  6 polar bears
  A wind drake (Shoals:2)
  A tyrant leech (shapeshifter) (D:15)
  A blink frog (shapeshifter) (D:15)
  13 hippogriffs
  9 slime creatures
  34 blink frogs
  2 snapping turtles (Shoals:1)
  8 dream sheep
  2 spriggans (shapeshifter) (D:15)
  A meliai zombie (D:13)
  3 spriggans (D:13)
  A water elemental (Shoals:1)
  Sigmund (D:5)
  5 wraiths
  3 shadows (D:12)
  4 fire elementals
  20 humans
  3 wyverns
  4 basilisks
  A vampire (D:15)
  6 hogs
  45 yaks
  A steam dragon (D:11)
  2 wargs
  An acid dragon (D:13)
  12 porcupines
  48 orc warriors
  15 water moccasins
  Purgy (Sewer)
  6 sky beasts
  12 black bears
  18 ice beasts
  2 necrophages
  2 slaves (D:7)
  An eye of draining (D:11)
  3 phantoms
  9 ogres
  10 wolves
  A boggart (D:13)
  33 centaurs
  13 crocodiles
  3 big kobolds
  24 bullfrogs
  A water moccasin zombie (D:6)
  6 scorpions
  14 killer bees
  17 wights
  A howler monkey (D:10)
  2 electric eels
  11 crimson imps
  8 hounds
  2 quasits
  6 jellies
  A bullfrog skeleton (D:12)
  11 orc priests
  4 iguanas
  17 orc wizards
  12 worker ants
  A hound zombie (D:3)
  A hound skeleton (D:8)
  3 worker ant zombies
  6 gnolls (D:6)
  A howler monkey skeleton (D:11)
  A river rat (D:3)
  11 adders
  3 shadow imps
  An adder zombie (D:7)
  An ooze (D:1)
  2 worms (D:3)
  2 dart slugs
  10 leopard geckos
  119 orcs
  9 giant cockroaches
  4 goblins
  4 hobgoblins
  11 kobolds
  2 quokkas
  4 ball pythons
  2 bats (D:1)
  6 frilled lizards
  2 jackal skeletons
  A kobold zombie (D:2)
  A leopard gecko skeleton (D:6)
  14 rats
  2 fungi
  12 plants
915 creatures vanquished.

Vanquished Creatures (others)
  A wizard (D:13)
  10 fungi
  14 plants
25 creatures vanquished.

Grand Total: 940 creatures vanquished

Notes
Turn   | Place    | Note
-------+----------+-------------------------------------------
     0 | D:1      | Peloso the Minotaur Fighter began the quest for the Orb.
     0 | D:1      | Reached XP level 1. HP: 19/19 MP: 0/0
   279 | D:1      | Reached XP level 2. HP: 24/27 MP: 1/1
   997 | D:2      | Found a sacrificial altar of Ru.
  1053 | D:2      | Reached XP level 3. HP: 33/33 MP: 2/2
  1281 | D:2      | Noticed a human
  1282 | D:2      | Found a runed translucent door.
  1287 | D:2      | Found a basalt altar of Yredelemnul.
  2019 | D:3      | Found a glowing drain.
  2023 | Sewer    | Entered a sewer
  2028 | Sewer    | Reached XP level 4. HP: 38/40 MP: 3/3
  2149 | Sewer    | Noticed Purgy
  2159 | Sewer    | Killed Purgy
  2159 | Sewer    | Reached XP level 5. HP: 37/46 MP: 4/4
  2373 | D:3      | Found a snail-covered altar of Cheibriados.
  2522 | D:3      | Found a shimmering blue altar of Sif Muna.
  2522 | D:3      | Found a burning altar of Makhleb.
  2522 | D:3      | Found a glowing golden altar of the Shining One.
  2682 | D:3      | Reached skill level 5 in Armour
  2696 | D:3      | Reached skill level 5 in Shields
  2997 | D:4      | Reached XP level 6. HP: 52/53 MP: 5/5
  3009 | D:4      | Found Diadghatti's Gadget Boutique.
  3079 | D:4      | Reached skill level 5 in Long Blades
  3757 | D:5      | Entered Level 5 of the Dungeon
  3843 | D:5      | Noticed an ice beast
  3858 | D:5      | Killed an ice beast
  3858 | D:5      | Reached XP level 7. HP: 34/60 MP: 2/6
  4010 | D:5      | Reached skill level 1 in Dodging
  4356 | D:5      | Noticed Sigmund
  4374 | D:5      | Killed Sigmund
  4394 | D:5      | Found Jafoq's Book Shop.
  4729 | D:5      | Reached XP level 8. HP: 64/67 MP: 7/7
  4954 | D:6      | Reached skill level 5 in Fighting
  5218 | D:6      | Found a shattered altar of Ashenzari.
  5220 | D:6      | Found Veutrol's Distillery.
  5370 | D:6      | Bought a potion of berserk rage for 75 gold pieces
  5585 | D:6      | Found Xukutif's Armour Boutique.
  5609 | D:6      | Found a staircase to the Ecumenical Temple.
  5618 | Temple   | Entered the Ecumenical Temple
  5628 | Temple   | Became a worshipper of Warmaster Okawaru
  5678 | D:6      | Found Onkotob's Food Shoppe.
  5704 | D:6      | Found Veabak's Gadget Emporium.
  6204 | D:6      | Found Fuserph's Assorted Antiques.
  6211 | D:6      | Bought a scroll of magic mapping for 112 gold pieces
  6435 | D:7      | Found a stormy altar of Qazlal.
  6503 | D:7      | Found a sand-covered staircase.
  6530 | D:7      | Reached XP level 9. HP: 52/75 MP: 8/8
  6719 | D:7      | Reached * piety under Okawaru
  6913 | D:7      | Noticed Pikel
  6938 | D:7      | Killed Pikel
  6938 | D:7      | Reached skill level 10 in Long Blades
  7028 | D:7      | Reached ** piety under Okawaru
  7332 | D:8      | Reached skill level 1 in Stealth
  7479 | D:8      | Found a shimmering altar of Xom.
  7893 | D:9      | Reached XP level 10. HP: 64/84 MP: 9/9
  8095 | D:9      | Found an opulent altar of Gozag.
  8157 | D:9      | Noticed a two-headed ogre
  8167 | D:9      | Killed a two-headed ogre
  8167 | D:9      | Reached skill level 10 in Shields
  8171 | D:9      | Reached *** piety under Okawaru
  8230 | D:9      | Reached skill level 1 in Invocations
  8807 | D:10     | Entered Level 10 of the Dungeon
  8898 | D:10     | Reached **** piety under Okawaru
  9028 | D:10     | Noticed a gargoyle
  9035 | D:10     | Killed a gargoyle
  9141 | D:10     | Found a flagged portal.
  9190 | Bailey   | Entered a bailey
  9462 | Bailey   | Reached XP level 11. HP: 85/94 MP: 11/11
  9976 | Bailey   | Reached skill level 10 in Armour
 10643 | D:10     | Found a staircase to the Orcish Mines.
 10727 | D:10     | Noticed a two-headed ogre
 10741 | D:10     | Killed a two-headed ogre
 10999 | D:10     | You fall into a shaft and drop 2 floors!
 10999 | D:12     | Noticed a two-headed ogre
 11000 | D:12     | Noticed a green ugly thing
 11017 | D:12     | Killed an unseen horror
 11017 | D:12     | Reached ***** piety under Okawaru
 11023 | D:12     | Killed a green ugly thing
 11029 | D:12     | Killed a two-headed ogre
 11324 | D:11     | Found a shimmering altar of Xom.
 11390 | D:11     | Found a frozen archway.
 11399 | IceCv    | Entered an ice cave
 11600 | IceCv    | Received a gift from Okawaru
 11606 | IceCv    | Got a pair of ichor-stained boots {god gift}
 11612 | IceCv    | Identified the +0 pair of boots "Xesybato" {rF- rN++ Regen+
                  | rCorr} (Okawaru gifted it to you in an ice cave)
 11823 | IceCv    | Noticed an ice dragon
 11834 | IceCv    | Noticed an ice dragon
 11841 | IceCv    | Killed an ice dragon
 11841 | IceCv    | Reached XP level 12. HP: 72/105 MP: 10/12
 11853 | IceCv    | Killed an ice dragon
 11864 | IceCv    | Got a heavily runed bronze ring
 11866 | IceCv    | Identified the ring of Qacaicka {Fire rPois MR+ Str-5} (You
                  | found it in an ice cave)
 11870 | IceCv    | Got a smoking bone ring
 11872 | IceCv    | Identified the ring "Trusted Companion" {EV+4 Str+4} (You
                  | found it in an ice cave)
 12092 | D:11     | Noticed a death knight
 12340 | D:11     | Noticed a two-headed ogre
 12345 | D:11     | Killed a two-headed ogre
 12510 | D:11     | Reached skill level 10 in Fighting
 12630 | D:11     | Killed a death knight
 12682 | D:11     | Noticed Nergalle
 12688 | D:11     | Killed Nergalle
 12771 | D:11     | Reached skill level 15 in Long Blades
 12929 | D:11     | Found a staircase to the Lair.
 13068 | D:12     | Paralysed by a hornet for 2 turns
 13550 | D:12     | Reached ****** piety under Okawaru
 13550 | D:12     | Received a gift from Okawaru
 13730 | D:12     | Found a huge runed translucent gate.
 13730 | D:12     | Found a huge runed translucent gate.
 13730 | D:12     | Found a huge runed translucent gate.
 13732 | D:12     | Found a huge runed translucent gate.
 13793 | D:12     | Reached XP level 13. HP: 94/114 MP: 13/13
 14133 | D:13     | Found a runed translucent door.
 14134 | D:13     | Noticed Muhiets's ghost (journeyman OpEE)
 14135 | D:13     | Identified the +6 spear "Roytargh" {pierce, *Corrode MR+
                  | Int+6 Stlth+}
 14154 | D:13     | Killed Muhiets's ghost
 14322 | D:13     | Received a gift from Okawaru
 14706 | D:13     | Found a glowing silver altar of Zin.
 15087 | D:13     | Found a gate to the Vaults.
 15214 | D:13     | Noticed Urug
 15226 | D:13     | Killed Urug
 15278 | Lair:1   | Entered Level 1 of the Lair of Beasts
 15429 | Lair:1   | Received a gift from Okawaru
 16538 | Lair:2   | Found a hole to the Spider Nest.
 16568 | Lair:2   | Reached XP level 14. HP: 97/127 MP: 14/14
 17392 | Lair:3   | Received a gift from Okawaru
 17664 | Lair:3   | Noticed Rupert
 17674 | Lair:3   | Paralysed by Rupert for 6 turns
 17687 | Lair:3   | Killed Rupert
 17712 | Lair:3   | Reached skill level 15 in Shields
 18092 | Lair:3   | Found a staircase to the Shoals.
 18902 | Lair:4   | Found a dark tunnel.
 18907 | Volcano  | Entered a volcano
 19460 | Lair:4   | Received a gift from Okawaru
 19878 | Lair:5   | Received a gift from Okawaru
 19892 | Lair:5   | Reached skill level 5 in Dodging
 20297 | Lair:5   | Reached XP level 15. HP: 137/137 MP: 15/15
 21707 | D:14     | Found Weikkoa's Gadget Boutique.
 21716 | D:14     | Received a gift from Okawaru
 21731 | D:14     | Bought a wand of digging (7) for 396 gold pieces
 22018 | D:15     | Entered Level 15 of the Dungeon
 22467 | D:15     | Gained mutation: You are frail. (-10% HP) [a shining eye]
 22968 | D:15     | Found a staircase to the Depths.
 23483 | Lair:6   | Entered Level 6 of the Lair of Beasts
 23837 | Lair:6   | Found a staircase to the Slime Pits.
 23837 | Lair:6   | Found a viscous altar of Jiyva.
 24000 | Lair:6   | Received a gift from Okawaru
 24023 | Lair:6   | Got a bloodstained chain mail {god gift}
 24034 | Lair:6   | Identified the +6 chain mail of Sovereignty {*Corrode rPois
                  | rC+++ MR+} (Okawaru gifted it to you on level 6 of the Lair
                  | of Beasts)
 24890 | Lair:6   | Reached skill level 15 in Fighting
 24890 | Lair:6   | Reached XP level 16. HP: 82/134 MP: 16/16
 25278 | Orc:1    | Entered Level 1 of the Orcish Mines
 25311 | Orc:1    | Noticed Maurice
 25317 | Orc:1    | Killed Maurice
 25546 | Orc:2    | Entered Level 2 of the Orcish Mines
 25553 | Orc:2    | Found a staircase to the Elven Halls.
 25669 | Orc:2    | Found a roughly hewn altar of Beogh.
 25857 | Orc:2    | Found Xiafro's Book Emporium.
 25857 | Orc:2    | Found Ginonutz's Gadget Boutique.
 25859 | Orc:2    | Found Ynekabotz's Jewellery Shop.
 25861 | Orc:2    | Found Feuqeb's Armour Shoppe.
 26112 | Orc:2    | Found a roughly hewn altar of Beogh.
 27160 | Shoals:1 | Entered Level 1 of the Shoals
 27419 | Shoals:1 | Received a gift from Okawaru
 27437 | Shoals:1 | Got a transparent falchion {god gift}
 27438 | Shoals:1 | Identified the +7 falchion of Pyromania {elec, rC++ MR++
                  | Dex-5} (Okawaru gifted it to you on level 1 of the Shoals)
 27672 | Shoals:1 | Reached skill level 15 in Armour
 27807 | Shoals:2 | HP: 5/134 [merfolk/+0 trident (6)]
 27807 | Shoals:2 | HP: 2/134 [merfolk javelineer/+2 spear of freezing (3)]
 27808 | Shoals:2 | Drowned by a water nymph

Levels and vault maps discovered:
D:1:      lemuel_arrival_lava_pool, layout_basic
D:2:      layout_loops_ring, overflow_temple_1_default, dk_yredelemnul_ordeal
D:3:      layout_basic, chequers_temple_overflow_statue_of_worship,
          gup_sewer_entry_spiral, minmay_misc_feat_secret_circle,
          kennysheep_slug_shrine
D:4:      layout_loops_ring, serial_shops, nicolae_shop_behind_doors
D:5:      layout_loops_ring, serial_shops, shop_coins, first_ration,
          minmay_small_thing, uniq_sigmund
D:6:      layout_basic, overflow_temple_1_default, minmay_temple_entry_ruins,
          serial_shops, shop, shop, shop, shop, shop, minmay_misc_feat_tiny
D:7:      layout_loops_ring, grunt_qazlal_sundering, enter_ossuary_5,
          grunt_decor_fettered, grunt_livestock, uniq_pikel
D:8:      layout_cave_pods, basic_altar
D:9:      layout_stronghold, grunt_gozag_statues
D:10:     layout_basic, hiddenorc2_lemuel, enter_bailey_8
D:11:     layout_rooms, grunt_lair_entry_orc_guard_hut,
          portal_ice_cave_entry_pillars_1, basic_altar,
          onia_ninara_dug_in_and_dangerous, uniq_nergalle
D:12:     lemuel_bear_cage, layout_basic, grunt_ministairs_14
D:13:     layout_basic, grunt_vaults_entry_tiered, ebering_ghost_funeral_grove,
          kennysheep_diamond, uniq_urug
D:14:     layout_loops_ring, grunt_decor_cap, serial_shops, shop, minmay_between
D:15:     gammafunk_enter_depths_forms, layout_basic, nicolae_lava_and_water
Temple:   eino_temple_scatter_basement
Lair:1:   layout_small_grid
Lair:2:   layout_regular_city, nicolae_spider_entry_non_spiders,
          serial_bayou_shore_a, grunt_megastairs_1
Lair:3:   layout_layer_cave, elwin_shoals_entry_rooms, uniq_rupert
Lair:4:   layout_cave_shapes, enter_volcano_4, nzn_random_ring
Lair:5:   layout_misc_corridors, serial_forest, infiniplex_forest_zigzag_1,
          infiniplex_forest_clump_small, infiniplex_forest_straight_2,
          infiniplex_forest_lined_2, infiniplex_forest_lined_2,
          infiniplex_forest_lined_4_way, infiniplex_forest_clump_double,
          infiniplex_forest_straight_2
Lair:6:   due_jungle_book, layout_gridlike, slime_altar_1, lemuel_fruit_tree,
          minmay_lair_oklob_chamber
Shoals:1: layout_shoals
Shoals:2: layout_shoals, nicolae_shoals_flooded_hall
Orc:1:    layout_caves, uniq_maurice
Orc:2:    st_orc_rangers, layout_caves, basic_altar, minmay_orc_temple_a

Skill      XL: |  1  2  3  4  5  6  7  8  9 10 11 12 13 14 15 16 |
---------------+-------------------------------------------------+-----
Armour         | 4 5 6 7 8 9 10 11 12 13 14 15 | 15.0
Fighting       | 4 5 6 8 9 10 12 13 15 | 15.4
Shields        | 4 5 6 7 8 9 11 12 13 14 15 17 18 | 18.2
Long Blades    | 3 4 5 6 8 10 12 13 15 16 17 18 | 18.8
Dodging        | 1 2 3 4 5 6 |  6.3
Stealth        | 1 2 |  2.8
Invocations    | 1 2 |  2.3

Action                   |  1- 3 |  4- 6 |  7- 9 | 10-12 | 13-15 | 16-18 || total
-------------------------+-------+-------+-------+-------+-------+-------++-------
Melee: Long sword        |   104 |   149 |   386 |    45 |       |       ||   684
       Headbutt          |     8 |    28 |    75 |   163 |   289 |    69 ||   632
       Scimitar          |       |       |       |   269 |       |       ||   269
       Double sword      |       |       |       |   414 |   997 |   276 ||  1687
Invok: Heroism           |       |       |       |     5 |     5 |       ||    10
       Finesse           |       |       |       |       |     1 |       ||     1
Evoke: Wand              |       |       |     1 |       |     3 |       ||     4
  Use: Scroll            |     7 |     5 |     9 |     4 |    10 |     1 ||    36
       Potion            |     1 |     2 |       |     1 |       |     1 ||     5
 Stab: Petrified         |       |       |       |       |     1 |       ||     1
  Eat: Chunk             |     2 |     7 |    10 |    16 |    33 |     9 ||    77
       Ration            |       |       |     1 |     1 |     1 |       ||     3
Armor: Chain mail        |    42 |    70 |   134 |    95 |    24 |   147 ||   512
       Plate armour      |       |       |       |   211 |   339 |       ||   550
Dodge: Dodged            |    24 |    30 |    61 |   217 |   433 |   291 ||  1056
Block: Shield            |    54 |    68 |   182 |   539 |   682 |   415 ||  1940
       Rpst.: Long sword |     6 |     7 |    16 |     3 |       |       ||    32
       Scimitar          |       |       |       |    13 |       |       ||    13
       Double sword      |       |       |       |    24 |    97 |    47 ||   168

Table legend:
 A = Non-vault XP
 B = Vault XP
 C = Vault XP percentage of total XP
 D = Non-vault monster count
 E = Vault monster count
 F = Vault count percentage of total count
                 A         B        C        D         E       F
            +---------+---------+-------+---------+---------+-------
      Total |  129756 |   54574 |  29.6 |     612 |     287 |  31.9
            +---------+---------+-------+---------+---------+-------
        D:1 |      25 |       0 |   0.0 |      15 |       0 |   0.0
        D:2 |      32 |       1 |   3.0 |      11 |       1 |   8.3
        D:3 |     128 |      29 |  18.5 |      16 |       8 |  33.3
        D:4 |     188 |       0 |   0.0 |      10 |       0 |   0.0
        D:5 |     565 |     324 |  36.4 |      15 |       3 |  16.7
        D:6 |    1207 |       0 |   0.0 |      36 |       0 |   0.0
        D:7 |     438 |    1630 |  78.8 |      12 |       6 |  33.3
        D:8 |     784 |       0 |   0.0 |      15 |       0 |   0.0
        D:9 |    3617 |       0 |   0.0 |      42 |       0 |   0.0
       D:10 |    2701 |     741 |  21.5 |      28 |      32 |  53.3
       D:11 |    7911 |    1315 |  14.3 |      43 |       6 |  12.2
       D:12 |    6251 |    4105 |  39.6 |      24 |      24 |  50.0
       D:13 |    5881 |   11228 |  65.6 |      19 |      33 |  63.5
       D:14 |   15346 |    1882 |  10.9 |      49 |       5 |   9.3
       D:15 |    9607 |    3033 |  24.0 |      26 |       7 |  21.2
     Lair:1 |    5283 |       0 |   0.0 |      22 |       0 |   0.0
     Lair:2 |    4911 |     800 |  14.0 |      24 |      11 |  31.4
     Lair:3 |    7263 |    4061 |  35.9 |      29 |       4 |  12.1
     Lair:4 |    6202 |    5184 |  45.5 |      30 |      13 |  30.2
     Lair:5 |   13299 |       0 |   0.0 |      36 |       0 |   0.0
     Lair:6 |   16597 |    4970 |  23.0 |      33 |      11 |  25.0
   Shoals:1 |    9761 |       0 |   0.0 |      20 |       0 |   0.0
   Shoals:2 |    4627 |       0 |   0.0 |       9 |       0 |   0.0
      Orc:1 |    4361 |     493 |  10.2 |      16 |       1 |   5.9
      Orc:2 |    2771 |    5954 |  68.2 |      32 |      51 |  61.4
      Sewer |       0 |     153 | 100.0 |       0 |       8 | 100.0
     Bailey |       0 |    2290 | 100.0 |       0 |      39 | 100.0
      IceCv |       0 |    5365 | 100.0 |       0 |      20 | 100.0
    Volcano |       0 |    1016 | 100.0 |       0 |       4 | 100.0
            +---------+---------+-------+---------+---------+-------
